[ AOE2 MATCH · #478144363 ]
1v1 RMByzantines vs Poles
Player's team · WIN
Rival team · LOSS
[ REPLAY ANALYSIS · EXTRACTED FROM THE RECORDED GAME ]
Feudal
—
Castle
—
Imperial
—
| APM avg | 25.0 |
| APM peak | 52 |
| eAPM avg | 13.4 |
| Villagers / military | 187 / 977 |
Focus
⚔️ 49.1% · 🌾 50.9%
Spearman ×458 · Scout Cavalry ×364 · Archer ×65 · Cataphract ×57 · Trebuchet (Packed) ×24 · Fishing Ship ×18
Feudal
11:44
Castle
23:41
Imperial
36:26
| APM avg | 27.7 |
| APM peak | 73 |
| eAPM avg | 17.6 |
| Villagers / military | 290 / 1197 |
Focus
⚔️ 36.3% · 🌾 63.7%
Scout Cavalry ×599 · Spearman ×184 · Knight ×112 · Skirmisher ×105 · Obuch ×98 · Militia ×32
Match map
Initial resources + every placement click. Lines = walls · curves = elevation contours. ◆ gold · ⬟ stone · ● berries · ✦ relic · ◌ wall gap
Your base· Open — unwalled flank
AnatolianTiger's base· Open — unwalled flank
Smoothed initial terrain · ◌ = detected wall gap · hover for details
Inputs per minute
— FESAxPiwimonx - - AnatolianTiger
Build order — FESAxPiwimonx
First 150 of 570 actions detected
| 0:02 | Build | House |
| 0:04 | Build | House |
| 0:07 | Create | Villager (Male) ×4 |
| 1:31 | Create | Villager (Male) |
| 2:05 | Create | Villager (Male) |
| 2:07 | Build | House |
| 2:28 | Research | Loom |
| 3:00 | Create | Villager (Male) ×2 |
| 3:14 | Create | Villager (Male) |
| 3:25 | Build | Lumber Camp |
| 4:29 | Create | Villager (Male) ×2 |
| 5:25 | Create | Villager (Male) |
| 5:26 | Create | Villager (Male) |
| 5:26 | Create | Villager (Male) |
| 5:31 | Build | House |
| 5:50 | Create | Villager (Male) |
| 5:50 | Create | Villager (Male) |
| 6:17 | Create | Villager (Male) |
| 6:17 | Create | Villager (Male) |
| 7:25 | Build | Dock |
| 7:29 | Create | Villager (Male) |
| 7:29 | Create | Villager (Male) |
| 7:34 | Build | Mill |
| 7:53 | Build | House |
| 8:27 | Build | Mining Camp |
| 8:44 | Create | Fishing Ship |
| 9:07 | Research | Feudal Age |
| 9:22 | Build | House |
| 9:30 | Create | Fishing Ship |
| 10:01 | Build | Barracks |
| 11:07 | Build | Mill |
| 11:20 | Build | Stable |
| 11:22 | Create | Villager (Male) ×5 |
| 11:41 | Create | Fishing Ship |
| 11:51 | Create | Spearman |
| 11:52 | Create | Spearman |
| 12:16 | Create | Fishing Ship |
| 12:21 | Build | House |
| 12:51 | Build | Palisade Wall |
| 12:53 | Create | Villager (Male) |
| 13:10 | Create | Fishing Ship |
| 13:27 | Create | Scout Cavalry |
| 13:28 | Create | Scout Cavalry |
| 13:31 | Create | Villager (Male) |
| 13:31 | Create | Villager (Male) |
| 13:31 | Create | Villager (Male) |
| 13:36 | Create | Fishing Ship |
| 13:43 | Build | House |
| 13:46 | Build | House |
| 13:50 | Research | Double-Bit Axe |
| 13:59 | Build | Lumber Camp |
| 14:29 | Build | Blacksmith |
| 14:33 | Create | Villager (Male) |
| 14:34 | Create | Villager (Male) |
| 15:14 | Create | Fishing Ship |
| 15:43 | Create | Villager (Male) |
| 15:43 | Create | Villager (Male) |
| 15:45 | Build | Farm |
| 15:48 | Build | House |
| 15:49 | Build | House |
| 15:51 | Build | House |
| 16:25 | Create | Spearman |
| 16:25 | Create | Spearman |
| 16:31 | Create | Scout Cavalry |
| 16:31 | Create | Scout Cavalry |
| 17:13 | Build | Farm |
| 17:15 | Create | Villager (Male) |
| 17:16 | Create | Villager (Male) |
| 17:19 | Build | Farm |
| 17:24 | Build | House |
| 17:25 | Build | House |
| 17:42 | Create | Fishing Ship |
| 17:42 | Create | Fishing Ship |
| 18:04 | Research | Tech 906 |
| 18:11 | Build | Farm |
| 18:15 | Build | Farm |
| 18:17 | Build | Farm |
| 18:18 | Build | Farm |
| 18:19 | Build | Farm |
| 18:20 | Build | Farm |
| 18:23 | Build | Farm |
| 18:24 | Build | Farm |
| 18:25 | Build | Farm |
| 18:36 | Build | Market |
| 18:38 | Create | Villager (Male) |
| 18:38 | Create | Villager (Male) |
| 18:46 | Build | Lumber Camp |
| 19:38 | Research | Castle Age |
| 19:45 | Research | Horse Collar |
| 20:17 | Research | Scale Barding Armor |
| 20:41 | Create | Unit 2626 |
| 20:41 | Create | Unit 2626 |
| 21:03 | Build | Palisade Wall |
| 21:23 | Research | Forging |
| 22:00 | Build | House |
| 22:09 | Create | Scout Cavalry |
| 22:09 | Create | Scout Cavalry |
| 22:09 | Create | Scout Cavalry |
| 22:16 | Build | Palisade Wall |
| 22:28 | Build | Stable |
| 22:58 | Build | Town Center |
| 23:02 | Create | Villager (Male) ×5 |
| 23:24 | Research | Husbandry |
| 23:32 | Build | House |
| 23:35 | Build | House |
| 23:37 | Build | Palisade Wall |
| 23:51 | Research | Chain Barding Armor |
| 23:57 | Research | Light Cavalry (upgrade) |
| 24:33 | Build | University |
| 24:43 | Build | Farm |
| 24:44 | Build | Farm |
| 24:46 | Create | Villager (Male) |
| 24:46 | Create | Villager (Male) |
| 24:47 | Create | Villager (Male) |
| 24:47 | Create | Villager (Male) |
| 24:55 | Create | Villager (Male) |
| 24:55 | Create | Villager (Male) |
| 24:55 | Create | Villager (Male) |
| 24:56 | Create | Villager (Male) |
| 25:06 | Build | Farm |
| 25:09 | Research | Gold Mining |
| 25:13 | Build | Farm |
| 25:46 | Build | Farm |
| 26:17 | Build | Farm |
| 26:23 | Build | House |
| 26:24 | Build | House |
| 26:31 | Build | Farm |
| 26:34 | Create | Villager (Male) |
| 26:34 | Create | Villager (Male) |
| 26:34 | Create | Villager (Male) |
| 26:34 | Create | Villager (Male) |
| 26:48 | Create | Galley |
| 26:48 | Create | Galley |
| 26:49 | Create | Galley |
| 27:07 | Build | Palisade Gate |
| 27:14 | Build | Mining Camp |
| 27:17 | Build | Farm |
| 27:26 | Research | Squires |
| 27:36 | Build | Monastery |
| 27:40 | Build | Farm |
| 27:42 | Create | Villager (Male) |
| 27:42 | Create | Villager (Male) |
| 27:43 | Create | Villager (Male) |
| 27:43 | Create | Villager (Male) |
| 27:49 | Create | Villager (Male) |
| 27:49 | Create | Villager (Male) |
| 28:14 | Build | Farm |
| 28:18 | Research | Heavy Plow |
| 28:20 | Create | Villager (Male) |
| 28:20 | Create | Villager (Male) |
Build order — AnatolianTiger
First 150 of 968 actions detected
| 0:01 | Research | Loom |
| 0:01 | Create | Villager (Male) |
| 0:01 | Create | Villager (Male) |
| 0:02 | Create | Villager (Male) |
| 0:02 | Create | Villager (Male) |
| 0:03 | Build | House |
| 0:08 | Build | House |
| 1:37 | Create | Villager (Male) |
| 1:38 | Create | Villager (Male) |
| 2:15 | Create | Villager (Male) |
| 2:57 | Create | Villager (Male) |
| 2:57 | Create | Villager (Male) |
| 3:02 | Build | Dock |
| 3:45 | Create | Villager (Male) |
| 4:06 | Create | Villager (Male) |
| 4:36 | Build | Lumber Camp |
| 5:00 | Create | Villager (Male) |
| 5:00 | Create | Villager (Male) |
| 5:07 | Create | Villager (Male) |
| 5:08 | Create | Villager (Male) |
| 5:09 | Create | Villager (Male) |
| 5:10 | Create | Villager (Male) |
| 5:45 | Build | House |
| 5:56 | Create | Villager (Male) |
| 5:56 | Create | Villager (Male) |
| 5:56 | Create | Villager (Male) |
| 6:03 | Build | House |
| 6:48 | Create | Fishing Ship |
| 6:57 | Create | Villager (Male) |
| 7:48 | Create | Fishing Ship |
| 7:48 | Create | Fishing Ship |
| 8:08 | Create | Fishing Ship |
| 8:28 | Build | Lumber Camp |
| 9:04 | Build | House |
| 9:06 | Build | House |
| 9:08 | Build | House |
| 9:34 | Research | Feudal Age |
| 9:42 | Build | Palisade Wall |
| 10:03 | Build | Palisade Wall |
| 10:18 | Build | Mining Camp |
| 10:25 | Build | Mill |
| 11:28 | Build | Barracks |
| 11:40 | Create | Villager (Male) |
| 11:40 | Create | Villager (Male) |
| 11:40 | Create | Villager (Male) |
| 11:40 | Create | Villager (Male) |
| 11:41 | Create | Villager (Male) |
| 11:41 | Create | Villager (Male) |
| 11:41 | Create | Villager (Male) |
| 11:44 | Age | Feudal Age |
| 12:12 | Build | Farm |
| 12:14 | Build | Farm |
| 12:19 | Create | Spearman |
| 12:25 | Build | Stable |
| 13:07 | Build | Farm |
| 13:12 | Create | Scout Cavalry |
| 13:12 | Create | Scout Cavalry |
| 13:13 | Create | Scout Cavalry |
| 13:13 | Create | Scout Cavalry |
| 13:16 | Build | House |
| 13:17 | Build | House |
| 13:18 | Build | House |
| 13:41 | Build | Farm |
| 13:43 | Build | Farm |
| 13:43 | Build | Farm |
| 14:08 | Build | Palisade Wall |
| 14:11 | Build | Palisade Wall |
| 14:42 | Create | Villager (Male) |
| 14:43 | Create | Villager (Male) |
| 14:43 | Create | Villager (Male) |
| 14:43 | Create | Villager (Male) |
| 14:44 | Create | Villager (Male) |
| 14:44 | Create | Villager (Male) |
| 14:44 | Create | Villager (Male) |
| 14:44 | Create | Villager (Male) |
| 15:28 | Build | Blacksmith |
| 15:34 | Build | Farm |
| 15:47 | Build | Mill |
| 16:24 | Create | Spearman |
| 16:25 | Create | Spearman |
| 16:30 | Build | Farm |
| 16:30 | Build | Farm |
| 16:46 | Research | Bloodlines |
| 16:47 | Create | Scout Cavalry ×5 |
| 16:47 | Create | Scout Cavalry ×2 |
| 17:00 | Build | Farm |
| 17:01 | Build | Farm |
| 17:24 | Build | Farm |
| 17:27 | Research | Scale Barding Armor |
| 18:02 | Build | Mill |
| 18:26 | Create | Villager (Male) |
| 18:26 | Create | Villager (Male) |
| 18:26 | Create | Villager (Male) |
| 18:27 | Create | Villager (Male) |
| 18:27 | Create | Villager (Male) |
| 18:27 | Create | Villager (Male) |
| 18:32 | Research | Scale Mail Armor |
| 18:54 | Build | Palisade Wall |
| 19:38 | Build | Farm |
| 21:01 | Research | Castle Age |
| 21:11 | Build | House |
| 21:17 | Build | House |
| 21:19 | Build | House |
| 21:23 | Build | Farm |
| 22:04 | Research | Forging |
| 22:39 | Research | Horse Collar |
| 23:41 | Age | Castle Age |
| 23:43 | Research | Light Cavalry (upgrade) |
| 23:54 | Build | Town Center |
| 23:57 | Create | Villager (Male) |
| 23:57 | Create | Villager (Male) |
| 23:58 | Create | Villager (Male) |
| 23:58 | Create | Villager (Male) |
| 24:04 | Build | Town Center |
| 24:11 | Research | Husbandry |
| 24:21 | Build | Monastery |
| 24:43 | Research | Chain Barding Armor |
| 24:47 | Create | Monk |
| 24:48 | Create | Monk |
| 25:17 | Build | Castle |
| 25:56 | Build | House |
| 25:59 | Build | House |
| 26:06 | Build | House |
| 26:20 | Build | Farm |
| 26:37 | Create | Monk |
| 26:39 | Build | Farm |
| 26:43 | Create | Villager (Male) |
| 26:43 | Create | Villager (Male) |
| 26:43 | Create | Villager (Male) |
| 26:55 | Create | Villager (Male) |
| 26:55 | Create | Villager (Male) |
| 26:56 | Create | Villager (Male) |
| 26:56 | Create | Villager (Male) |
| 26:56 | Create | Villager (Male) |
| 26:56 | Create | Villager (Male) |
| 27:31 | Build | Farm |
| 27:45 | Create | Villager (Male) |
| 27:45 | Create | Villager (Male) |
| 27:45 | Create | Villager (Male) |
| 27:45 | Create | Villager (Male) |
| 27:46 | Create | Villager (Male) |
| 27:54 | Build | Mining Camp |
| 28:07 | Research | Pikeman (upgrade) |
| 28:28 | Build | Town Center |
| 28:43 | Create | Scout Cavalry |
| 28:43 | Create | Scout Cavalry |
| 28:53 | Create | Villager (Male) |
| 28:53 | Create | Villager (Male) |
| 28:54 | Create | Villager (Male) |
| 29:07 | Build | Farm |
Match timeline
| 3:02 | AnatolianTiger · first_building Dock |
| 7:25 | FESAxPiwimonx · first_building Dock |
| 9:42 | AnatolianTiger · wall_segment Palisade Wall x8 |
| 10:01 | FESAxPiwimonx · first_building Barracks |
| 10:03 | AnatolianTiger · wall_segment Palisade Wall x2 |
| 11:20 | FESAxPiwimonx · first_building Stable |
| 11:28 | AnatolianTiger · first_building Barracks |
| 11:44 | AnatolianTiger · age_up feudal |
| 12:25 | AnatolianTiger · first_building Stable |
| 12:51 | FESAxPiwimonx · wall_segment Palisade Wall x5 |
| 14:08 | AnatolianTiger · wall_segment Palisade Wall x2 |
| 14:11 | AnatolianTiger · wall_segment Palisade Wall x2 |
| 18:54 | AnatolianTiger · wall_segment Palisade Wall x2 |
| 19:36 | FESAxPiwimonx · first_market_buy 100 food |
| 21:03 | FESAxPiwimonx · wall_segment Palisade Wall x13 |
| 22:16 | FESAxPiwimonx · wall_segment Palisade Wall x1 |
| 23:37 | FESAxPiwimonx · wall_segment Palisade Wall x1 |
| 23:41 | AnatolianTiger · age_up castle |
| 24:21 | AnatolianTiger · first_building Monastery |
| 25:17 | AnatolianTiger · first_building Castle |
| 27:36 | FESAxPiwimonx · first_building Monastery |
| 29:21 | FESAxPiwimonx · first_building Archery Range |
| 30:39 | AnatolianTiger · wall_segment Palisade Wall x7 |
| 33:10 | AnatolianTiger · first_market_buy 100 food |
| 33:27 | FESAxPiwimonx · first_building Castle |
| 34:07 | AnatolianTiger · first_building Siege Workshop |
| 36:26 | AnatolianTiger · age_up imperial |
| 36:46 | AnatolianTiger · first_market_sell 100 wood |
| 46:30 | FESAxPiwimonx · wall_segment Palisade Wall x1 |
| 58:15 | FESAxPiwimonx · wall_segment Stone Wall x9 |
| 58:34 | FESAxPiwimonx · wall_segment Stone Wall x1 |
| 61:54 | FESAxPiwimonx · wall_segment Stone Wall x10 |
| 66:13 | AnatolianTiger · first_building Archery Range |
| 79:12 | FESAxPiwimonx · first_building Siege Workshop |
| 118:00 | AnatolianTiger · resign |
[ AI ANALYSIS · 1 CREDIT ]
What really happened in this match?
Wolo.gg analyzes every decision: build order, eco, micro, common mistakes by bracket. Personalized analysis on WhatsApp or Discord in 30 seconds.
Civ guide
Byzantines
Map guide
Isthmus
Perfil
Jugador #55173